 Dungeon Crawl Stone Soup version 0.27.1-34-g3ba077fa99 (webtiles) character file.

Game seed: 708462913063532720

3 cyrus the Caller (level 1, 0/13 HPs)
             Began as a Vampire Summoner on Jan 24, 2022.
             Frozen to death by an endoplasm (5 damage)
             ... on level 1 of the Dungeon.
             The game lasted 00:01:23 (185 turns).

cyrus the Caller (Vampire Summoner)                  Turns: 185, Time: 00:01:24

Health: 0/13       AC:  2    Str:  7    XL:     1   Next: 41%
Magic:  3/3        EV: 12    Int: 17    God:
Gold:   27         SH:  0    Dex: 14    Spells: 3/4 levels left

rFire    . . .     SeeInvis +   (no weapon)
rCold    . . .     Faith    .   (no shield)
rNeg     . . .     Spirit   .   a - +0 robe
rPois    .         Reflect  .   (no helmet)
rElec    .         Harm     .   (no cloak)
rCorr    .         Rampage  .   (no gloves)
Will     .....                  (no boots)
Stlth    ++........             (no amulet)
HPRegen  0.24/turn              (no ring)
MPRegen  0.08/turn              (no ring)

@: healing quickly
A: alive, fangs 3, see invisible, vampiric 1
a: Exsanguinate


You were on level 1 of the Dungeon.
You visited 1 branch of the dungeon, and saw 1 of its levels.

You collected 27 gold pieces.

Inventory:

Armour
 a - a +0 robe (worn)
Scrolls
 b - a scroll of teleportation {unknown}


   Skills:
 + Level 2.1 Dodging
 + Level 3.0 Stealth
 + Level 2.1 Spellcasting
 + Level 4.1 Summonings


You had 3 spell levels left.
You knew the following spells:

 Your Spells              Type           Power      Damage    Failure   Level
a - Summon Small Mammal   Summ           60%        N/A       3%          1

Your spell library contained the following spells:

 Spells                   Type           Power      Damage    Failure   Level
 Call Imp                 Summ           15%        N/A       5%          2
 Call Canine Familiar     Summ           15%        N/A       11%         3
 Summon Guardian Golem    Hex/Summ       8%         N/A       24%         3
 Summon Lightning Spire   Summ/Air       8%         N/A       63%         4


Dungeon Overview and Level Annotations

Branches:
Dungeon (1/15)

Altars:


Innate Abilities, Weirdness & Mutations

Your natural rate of healing is accelerated.
You have razor-sharp teeth.
You have supernaturally acute eyesight. (SInv)
You are afflicted with vampirism.


Message History

The giant cockroach is heavily wounded.
The endoplasm freezes you.
You are frozen.
The giant cockroach bites you but does no damage.
Your quokka closely misses the giant cockroach.
Your quokka barely misses the giant cockroach.
You hit the giant cockroach but do no damage.
The giant cockroach is heavily wounded.
The giant cockroach completely misses you.
Your quokka closely misses the giant cockroach.
The endoplasm hits you but does no damage.
The giant cockroach bites you but does no damage.
You closely miss the giant cockroach.
You bite the giant cockroach, but do no damage.
The giant cockroach is heavily wounded.
Your quokka bites the giant cockroach but does no damage.
The endoplasm barely misses you.
The giant cockroach bites you but does no damage.
Your quokka barely misses the giant cockroach.
Your quokka closely misses the giant cockroach.
You barely miss the endoplasm. The endoplasm completely misses you.
The giant cockroach bites you.
Your quokka bites the giant cockroach.
The giant cockroach closely misses you.
Your quokka barely misses the giant cockroach.
You hit the endoplasm.
The endoplasm is moderately wounded.
The endoplasm hits you. The giant cockroach bites you.
Your quokka bites the giant cockroach.
The giant cockroach barely misses your quokka.
Your quokka bites the giant cockroach.
You hit the endoplasm but do no damage.
The endoplasm is moderately wounded.
The giant cockroach misses your quokka. The endoplasm closely misses you.
Your quokka bites the giant cockroach.
The giant cockroach dies!
You hit the endoplasm but do no damage.
The endoplasm is moderately wounded.
The endoplasm freezes you.
You are frozen.
You die...

.......... #########.#
...................... ..
.............. ......# #B#
............. ....#.# #
...........# #.#.#.# .#
...........# #.#.#.# ..#
...........#####'#.#'###...#
...........##..............#.
................@Jr..........
.#######'####................
.# #..................... .#
###................... .#
#..............#...> .#
#..............#.... .#
#..............# ... .#
#..............# .. .#
#..............#


You could see an endoplasm (ally target) and a friendly quokka (summoned).

Vanquished Creatures (collateral kills)
  An endoplasm (D:1)
  A giant cockroach (D:1)
  A goblin (D:1)
  A kobold (D:1)
  A bat (D:1)
5 creatures vanquished.

Notes
Turn   | Place    | Note
-------+----------+-------------------------------------------
     0 | D:1      | cyrus the Vampire Summoner began the quest for the Orb.
     0 | D:1      | Reached XP level 1. HP: 13/13 MP: 3/3
   185 | D:1      | Frozen to death by an endoplasm

Illustrated notes

Levels and vault maps discovered:
D:1:      dpeg_arrival_more_subterranean_lakeside_camping, layout_basic

Action                   || total
-------------------------++-------
Melee: Unarmed           ||    18
       Bite              ||     1
 Cast: Summon Small Mamm ||     3
Armor: Robe              ||     7
Dodge: Dodged            ||    13
